 Dungeon Crawl Stone Soup version 0.17.1-3-g152610e (webtiles) character file.

36 Locuples the Skirmisher (level 3, 0/42 HPs)
             Began as an Ogre Berserker on Mar 25, 2016.
             Was a Believer of Trog.
             Slain by a hobgoblin
             ... wielding a +0 club
              (3 damage)
             ... on level 2 of the Dungeon.
             The game lasted 00:04:14 (1001 turns).

Locuples the Skirmisher (Ogre Berserker)            Turns: 1001, Time: 00:04:14

Health: 0/42       AC:  3    Str: 23    XL:     3   Next: 37%
Magic:  3/3        EV: 10    Int:  6    God:    Trog [**....]
Gold:   112        SH:  0    Dex:  9    Spells: 0 memorised, 2 levels left

rFire  + . .     SeeInvis .     a - +0 mace
rCold  + . .     Clarity  .     b - +0 animal skin
rNeg   . . .     SustAt   .     (no shield)
rPois  .         Gourm    .     (helmet restricted)
rElec  .         Spirit   .     (no cloak)
rCorr  .         Warding  .     (gloves unavailable)
rMut   .         Stasis   .     (boots unavailable)
MR     .....                    (no amulet)
Stlth  +.........               i - ring of protection from cold
                                e - ring of protection from fire

@: not resistant to hostile enchantments, very unstealthy
A: unfitting armour, tough skin 1
a: Berserk, Trog's Hand, Burn Spellbooks, Renounce Religion


You were on level 2 of the Dungeon.
You worshipped Trog.
Trog was pleased with you.
You were not hungry.

You visited 1 branch of the dungeon, and saw 2 of its levels.

You collected 112 gold pieces.

Inventory:

Hand Weapons
 a - a +0 mace (weapon)
Armour
 b - a +0 animal skin (worn)
Jewellery
 e - a ring of protection from fire (left hand)
 f - an uncursed ring of protection from magic
 i - a ring of protection from cold (right hand)
Scrolls
 j - a scroll of remove curse {unknown}
 k - a scroll of amnesia {unknown}
 m - a scroll of immolation {unknown}
 o - a scroll of recharging {unknown}
 p - a scroll of teleportation {unknown}
 q - a scroll of identify {unknown}
 r - a scroll of blinking {unknown}
Potions
 g - 2 potions of cancellation {unknown}
 h - a potion of agility {unknown}
 l - a potion of might {unknown}
 s - a potion of curing {unknown}
Comestibles
 c - 3 bread rations
 d - a slice of pizza
 n - 2 meat rations
 t - a beef jerky


   Skills:
 + Level 5.0 Fighting
 * Level 4.9 Maces & Flails
 - Level 2.6 Dodging


You had 2 spell levels left.
You didn't know any spells.

Dungeon Overview and Level Annotations

Branches:
Dungeon (2/15)

Altars:


Innate Abilities, Weirdness & Mutations

You are too large for most types of armour.
You have tough skin (AC +1).


Message History

The adder is severely wounded.
The hobgoblin hits you with a club.
* * * LOW HITPOINT WARNING * * *
The adder bites you.
* * * LOW HITPOINT WARNING * * *
You hit the adder.
The adder is severely wounded.
The adder completely misses you. The hobgoblin barely misses you.
You barely miss the adder.
The adder is severely wounded.
The adder closely misses you.
The hobgoblin hits you but does no damage.
The adder barely misses you.
You closely miss the adder.
The adder is severely wounded.
The adder barely misses you. The hobgoblin barely misses you.
You barely miss the adder.
The adder is severely wounded.
The adder barely misses you. The hobgoblin hits you with a club.
You die...

####...#.#..#.
#####.##.#. .# #......
.# ####.## .# ##.## ##.#
#...# ####### #..# #...#
.......###.## #...#
......S@....# #####...#
.....#g###..####........
... #. #.............. .
#. #..####........ #.
##.# #####...# .. #.#
######...# ## #.#
#.>......#
#.###)####...#
#.#.#.####..##


You could see an adder and a hobgoblin.

Vanquished Creatures
  An adder (D:2)
  An ooze (D:2)
  A worm (D:2)
  2 giant cockroaches
  A hobgoblin (D:1)
  6 bats
  2 giant geckos
  3 goblins
  2 kobolds
  3 rats (D:2)
22 creatures vanquished.

Notes
Turn   | Place    | Note
--------------------------------------------------------------
     0 | D:1      | Locuples the Ogre Berserker began the quest for the Orb.
     0 | D:1      | Reached XP level 1. HP: 24/24 MP: 1/1
   371 | D:1      | Reached XP level 2. HP: 31/33 MP: 2/2
   806 | D:2      | Reached ** piety under Trog
   818 | D:2      | Reached XP level 3. HP: 21/40 MP: 3/3
   993 | D:2      | Reached skill level 5 in Fighting
   997 | D:2      | HP: 2/42 [adder (1)]
  1001 | D:2      | Slain by a hobgoblin

Action                   || total
-------------------------++-------
Melee: Mace              ||    81
 Stab: Sleeping          ||     2
